General information
- name: FEWA
- type: Custom game
- host: 418
- saver: 418
map: EchoIsles
- players: 2
- length: 08:14
- speed: Fast
- version: 1.24 W3XP
- replay type: Public
» download(30 KB)
Players
team 1 (winner)
418 (
green | 87 APM | 719 actions | 08:14)
3 Archmage
2 Summon Water Elemental
1 Brilliance Aura
1 Naga Sea Witch
1 Frost Arrows
» actions
| Assign group hotkey | 23 | |
| Basic commands | 5 | |
| Build / train | 37 | |
| Enter build submenu | 20 | |
| Enter hero's abilities submenu | 4 | |
| Right click | 307 | |
| Select / deselect | 192 | |
| Select group hotkey | 97 | |
| Use ability | 34 | |
719 total
» units
» upgrades
» buildings
| Altar of Kings | 1 | |
| Farm | 7 | |
| Barracks | 1 | |
| Keep | 1 | |
| Arcane Vault | 1 | |
| Lumber Mill | 1 | |
| Scout Tower | 5 | |
| Guard Tower | 5 | |
| Blacksmith | 1 | |
23 total
» build order
00:08 Altar of Kings
00:15 Farm
00:21 Barracks
00:50 Farm
01:42 Farm
02:50 Keep
03:53 Arcane Vault
03:59 Farm
05:10 Lumber Mill
05:44 Farm
06:23 Scout Tower
06:39 Guard Tower
06:40 Scout Tower
06:53 Guard Tower
06:54 Scout Tower
07:09 Guard Tower
07:11 Scout Tower
07:37 Guard Tower
07:56 Scout Tower
08:07 Guard Tower
08:08 Farm
08:09 Blacksmith
08:12 Farm
» items
team 2 (loser)
ffmaster (
blue | 108 APM | 891 actions | 08:13)
3 Goblin Tinker
2 Pocket Factory
1 Engineering Upgrade
» actions
| Assign group hotkey | 16 | |
| Build / train | 39 | |
| Enter build submenu | 7 | |
| Enter hero's abilities submenu | 3 | |
| Remove unit from queue | 5 | |
| Right click | 413 | |
| Select / deselect | 260 | |
| Select group hotkey | 100 | |
| Use ability | 48 | |
891 total
» units
| Wisp | 21 | |
| Archer | 7 | |
| Forest Troll Berserker | 1 | |
29 total
» buildings
| Moon Well | 5 | |
| Altar of Elders | 1 | |
| Ancient of War | 1 | |
7 total
» build order
00:17 Moon Well
00:36 Altar of Elders
00:43 Ancient of War
01:17 Moon Well
02:48 Moon Well
04:56 Moon Well
05:26 Moon Well
Chat log
(00:55 / All) 418: SO
(00:58 / All) 418: WINNING IN RT MUST BE EXCITING
(00:59 / All) ffmaster: ??
(01:03 / All) 418: WHAT MAKES YOU THINK THAT TRANSLATES TO SOLO
(01:11 / All) ffmaster: it's fun cuz you piss people off
(01:16 / All) 418: IM HARDLY PISSED OFF FRIEND
(01:20 / All) 418: IM NOT THE ONE WHO GOT RAPED ALL GAME
(01:31 / All) 418: BESIDES, ITS AS IF BATMASTER = TRYING
(03:19 / All) 418: SO I GUESS THIS IS A JOKE?
(03:25 / All) 418: TOO BAD FRIEND
(03:27 / All) 418: YOU WOULD LOSE ANYWAY
(04:06 / All) 418: TOUGH BREAK
(04:07 / All) 418: BUT YOU SUCK
(04:26 / All) 418: IM AFRAID YOU GOT CARRIED
(04:55 / All) 418: HOW EMBARRASING
(05:06 / All) ffmaster: \
(05:09 / All) ffmaster: misclicked
(05:14 / All) 418: YOU LOSE ANYWAY
(05:15 / All) 418: YOU'RE HORRIBLE
(05:21 / All) ffmaster: u better come back and win
(05:24 / All) 418: OR WHAT
(05:26 / All) 418: YOU'LL STAY TIER1?
(05:56 / All) 418: BY THE WAY, EXCELLENT CHOICE DETONATING WATER ELEMENTAL(S)
(06:00 / All) 418: ALWAYS A GOOD USE OF 60 GOLD
(06:04 / All) ffmaster: obvious mh
(06:09 / All) 418: WHYS THAT
(06:13 / All) 418: BECAUSE YOU'RE SO BAD?
(07:29 / All) 418: TOUGH BREAK
(07:32 / All) 418: YOU JUST GOT RAPED FRIEND
(07:43 / All) ffmaster: your no good
(07:44 / All) 418: "AT LEAST I GOT YOUR HERO"
(07:48 / All) 418: IM DEFINITELY NOT TRYING
(07:51 / All) 418: NOR WAS I TRYING IN THAT RT GAME
(08:12 / All) ffmaster: gl next time